AoeStats
← INOX

Arabia

510554624Analyzed
1v1 RM · 2d ago on Oct 1, 2026· 46m 14s· 2 players
Game mode
Random Map
Map size
Tiny (2 player)
Population
200
Speed
Normal
Resources
Standard
Victory
Conquest
Starting age
Dark Age
Ending age
Imperial Age
RankedLock teamsTeams togetherTeam positionsShared explorationLock speedFull tech treeHidden civsTurbo modeCheats
Victory
Defeat
🇫🇷 Japanese · France
861
+31
🇹🇷 Teutons · Türkiye
890
-17
INOX
0:49 Loom
13:35 Feudal Age
14:32 Man-at-Arms
18:12 Wheelbarrow
17:24 Arson
18:05 Double-Bit Axe
21:08 Scale Mail Armor
21:55 Town Watch
30:51 Castle Age
31:21 Long Swordsman
32:40 Gambesons
33:01 Horse Collar
33:48 Heavy Plow
34:24 Forging
36:28 Hand Cart
46:03 Chain Mail Armor
46:24 Iron Casting
46:00 Yasama
TechyPen2453529
17:46 Feudal Age
20:07 Wheelbarrow
22:33 Double-Bit Axe
22:32 Horse Collar
22:36 Man-at-Arms
36:28 Castle Age
34:30 Gold Mining
34:31 Stone Mining
38:21 Bloodlines
38:14 Squires
38:00 Gambesons
37:35 Long Swordsman
39:00 Hand Cart
Connection lost

Rejoining the realm…

Still unreachable

The connection could not be restored.

Session expired

The server has moved on; the page needs a fresh start.